Map: Blaustich LE

Players

Tholor - Winner!

  • Race: Terran Terran
  • League: Master
  • Spawn Location: 7:00

K.I.-2 (Sehr leicht)

  • Race: Terran Terran
  • Spawn Location: 1:00

VOD

Have the link to the VOD?

Description

Time

  • Played on: Dec. 3, 2018, 5:16 a.m.
  • Length: 7:41
Show
View Real Time Build Order
Export as new Build Order

Tholor Terran - Winner!

Build Orders: Gas First Reaper Expand 

Get SALT Encoding   

  12  0:01  SCV  
  13  0:13  SCV  
  14  0:17  Supply Depot  
  14  0:25  SCV  
  14  0:27  Refinery  
  15  0:38  SCV  
  16  0:44  Barracks  
  16  0:50  SCV  
  17  1:02  SCV  
  18  1:15  SCV  
  19  1:30  Orbital Command  
  19  1:32  Reaper  
  20  1:45  Command Center  
  20  1:58  SCV  
  21  2:02  Factory  
  21  2:10  SCV, Refinery  
  22  2:17  Supply Depot  
  22  2:19  Barracks Reactor  
  22  2:22  SCV  
  23  2:38  SCV  
  24  2:47  Starport  
  24  2:48  Factory Tech Lab  
  24  2:50  SCV  
  25  2:57  Marine x2  
  25  2:58  Orbital Command  
  27  3:03  SCV  
  28  3:08  Siege Tank  
  31  3:15  SCV, Marine x2  
  34  3:26  Medivac  
  36  3:29  SCV x2  
  36  3:33  Marine x2  
  40  3:41  SCV x2  
  40  3:44  Supply Depot  
  42  3:48  Siege Tank  
  42  3:50  Marine  
  46  4:06  SCV x2, Marine  
  49  4:10  Command Center  
  49  4:13  Marine  
  49  4:14  Starport Reactor  
  50  4:17  Barracks  
  50  4:20  SCV x2  
  50  4:24  Supply Depot  
  52  4:32  SCV x2  
  54  4:45  SCV x2  
  56  4:47  Marine  
  56  4:48  Siege Tank, Marine  
  61  4:54  Supply Depot  
  61  4:57  SCV  
  62  5:05  Refinery  
  62  5:06  Barracks Tech Lab, Refinery  
  62  5:10  Engineering Bay x2  
  62  5:16  SCV  
  62  5:20  SCV  
  64  5:22  Orbital Command  
  64  5:24  Siege Tank  
  64  5:27  Stimpack  
  64  5:28  Marine x3, SCV  
  68  5:33  Supply Depot  
  71  5:35  SCV  
  71  5:38  Terran Infantry Weapons Level 1, Terran Infantry Armor Level 1  
  71  5:40  SCV  
  73  5:45  Supply Depot  
  73  5:48  Orbital Command, SCV  
  74  5:50  Marine x3  
  74  5:52  SCV  
  74  5:55  Barracks  
  78  5:57  Barracks  
  78  5:59  Medivac x2  
  82  6:04  Supply Depot  
  82  6:05  SCV x2  
  84  6:14  SCV  
  84  6:17  SCV x2  
  87  6:22  Siege Tank  
  90  6:26  SCV  
  90  6:27  Supply Depot  
  90  6:29  Armory  
  90  6:30  Supply Depot, Marine x3  
  94  6:36  SCV x2  
  94  6:39  SCV  
  97  6:45  Supply Depot  
  97  6:48  Barracks Reactor, Barracks Tech Lab  
  97  6:49  Medivac x2  
  97  6:50  Marine x3  
  104  6:54  SCV x3  
  104  6:56  Barracks  
  104  6:59  Refinery  
  104  7:00  Refinery  
  107  7:02  Supply Depot  
  107  7:11  Supply Depot  
  107  7:14  Marine x4  
  111  7:16  SCV x3  
  120  7:32  Supply Depot  
  120  7:34  Supply Depot  
Show
View Real Time Build Order
Export as new Build Order

K.I.-2 (Sehr leicht) Terran 

Build Orders:  

Get SALT Encoding   

  12  0:00  SCV  
  13  0:13  SCV  
  14  0:18  Supply Depot  
  14  0:37  Refinery  
  14  0:41  Barracks  
  14  1:04  Supply Depot  
  14  1:12  Refinery  
  14  1:28  SCV  
  14  1:29  Marine  
  16  1:41  SCV  
  17  1:53  SCV  
  18  1:59  Marine  
  19  2:05  SCV  
  20  2:17  SCV  
  21  2:29  Marine, SCV  
  23  2:42  Orbital Command  
  23  5:17  Marine  
  23  5:21  Supply Depot  
  24  5:39  SCV  
  23  5:42  Factory  
  23  5:46  Marine  
  24  5:51  SCV  
  25  5:57  Supply Depot  
  25  6:04  SCV  
  23  6:15  Marine  
  23  6:16  SCV  
  25  6:27  Starport  
  25  6:28  SCV  
  26  6:40  SCV  
  26  6:44  Hellion  
  27  6:52  SCV  
  21  7:03  Supply Depot  
  21  7:04  SCV  
  18  7:11  Starport  
  18  7:13  Hellion  
  15  7:16  SCV  
  15  7:28  SCV  
  14  7:30  Supply Depot  
Tags
 
Add a new tag
Caveats
  • Supply blocks, unpowered buildings, or Contaminate may cause inaccurate times.
  • Supply counts are checked every 10 seconds.